 Dungeon Crawl Stone Soup version 0.27-a0-1590-g15f69828bf (webtiles) character file.

Game seed: 5959186359862246716

34 quinnr the Gusty (level 3, 0/20 HPs)
             Began as a Tengu Air Elementalist on July 18, 2021.
             Killed from afar by Natasha (6 damage)
             ... with a magic dart
             ... on level 2 of the Dungeon.
             The game lasted 00:03:45 (1261 turns).

quinnr the Gusty (Tengu Air Elementalist)           Turns: 1261, Time: 00:03:45

Health: 0/20       AC:  3    Str:  8    XL:     3   Next: 31%
Magic:  7/8        EV: 12    Int: 16    God:
Gold:   23         SH:  0    Dex: 14    Spells: 6/7 levels left

rFire    . . .     SeeInvis .   h - +0 dagger (venom)
rCold    . . .     Faith    .   (no shield)
rNeg     . . .     Spirit   .   a - +0 robe
rPois    .         Reflect  .   (helmet restricted)
rElec    .         Harm     .   (no cloak)
rCorr    .         Rampage  .   b - +0 pair of gloves
Will     .....                  (boots unavailable)
Stlth    ++........             (no amulet)
HPRegen  0.06/turn              (no ring)
MPRegen  0.11/turn              (no ring)

@: no status effects
A: beak, talons 3
a: no special abilities


You were on level 2 of the Dungeon.
You visited 1 branch of the dungeon, and saw 2 of its levels.

You collected 23 gold pieces.

Inventory:

Hand Weapons
 h - a +0 dagger of venom (weapon)
Armour
 a - a +0 robe (worn)
 b - a +0 pair of gloves (worn)
Jewellery
 e - a ring of ice
Scrolls
 c - a scroll of teleportation {unknown}
 g - a scroll of vulnerability {unknown}
 j - a scroll of enchant weapon {unknown}
Potions
 d - a potion of lignification {unknown}
 f - 3 potions of curing {unknown}
 i - a potion of brilliance {unknown}


   Skills:
 + Level 0.6 Fighting
 - Level 2.1 Dodging
 - Level 2.0 Stealth
 * Level 2.9 Spellcasting
 - Level 1.3 Conjurations
 + Level 4.5 Air Magic


You had 6 spell levels left.
You knew the following spells:

 Your Spells              Type           Power      Damage    Failure   Level
a - Shock                 Conj/Air       44%        1d5       5%          1

Your spell library contained the following spells:

 Spells                   Type           Power      Damage    Failure   Level
 Static Discharge         Conj/Air       11%        N/A       9%          2
 Swiftness                Air            16%        N/A       9%          3
 Airstrike                Air            8%         N/A       28%         4


Dungeon Overview and Level Annotations

Branches:
Dungeon (2/15)

Altars:

Shops:
D:2 [

Annotations:
D:2 exclusion: ogre, Natasha


Innate Abilities, Weirdness & Mutations

You have a beak for a mouth.
You have claws for feet.


Message History

The endoplasm is moderately wounded.
The endoplasm quivers.
Unknown command.
Unknown command.
Unknown command.
The zap hits the endoplasm.
The endoplasm is severely wounded.
The zap hits the endoplasm.
You kill the endoplasm!
You can't see any susceptible monsters within range! (Use Z to cast anyway.)
A bat comes into view.
The zap hits the bat.
The bat is moderately wounded.
The zap hits the bat.
You kill the bat!
You can't see any susceptible monsters within range! (Use Z to cast anyway.)
Found a leather armour and 15 gold pieces.
A giant cockroach and Natasha come into view.
The zap hits Natasha.
Natasha is lightly wounded.
Natasha hisses angrily.
Unknown command.
Natasha casts a spell at you. The magic dart hits you.
The zap misses Natasha.
The zap hits Natasha.
Natasha is moderately wounded.
Natasha wildly gestures.
Natasha's front paws start to glow.
Natasha completely misses you.
Natasha casts a spell.
Natasha casts a spell at you. The magic dart hits you!
* * * LOW HITPOINT WARNING * * *
You see here a bat corpse.
Natasha casts a spell at you. You resist with significant effort.
Natasha casts a spell at you. The magic dart hits you.
You die...

########### ..........#
..#######.####### #.#
#..........########## #.#
#.##........5.h.....# #.#
#.##.#####.#####h...##
..####.##.......@.†.......#
..........###########......[.
..#.##.#### ......##.
..#.##.# ......# ....##.#
......#.# .#..##.# ....$#.#.#
.#..# .......###B .#..# ..###
.


You could see Natasha.

Vanquished Creatures
  3 endoplasms
  2 giant cockroaches
  A goblin (D:1)
  4 hobgoblins
  4 jackals (D:1)
  3 kobolds
  3 quokkas (D:1)
  A ball python (D:1)
  2 bats (D:2)
  A frilled lizard (D:1)
  5 rats
29 creatures vanquished.

Notes
Turn   | Place    | Note
-------+----------+-------------------------------------------
     0 | D:1      | quinnr the Tengu Air Elementalist began the quest for the
                  | Orb.
     0 | D:1      | Reached XP level 1. HP: 10/10 MP: 4/4
   169 | D:1      | Reached XP level 2. HP: 14/15 MP: 0/6
   769 | D:1      | Reached XP level 3. HP: 19/19 MP: 2/8
   855 | D:2      | Found Kyriveago's Antique Armour Shoppe.
   867 | D:2      | Noticed an ogre
  1241 | D:2      | Noticed Natasha
  1261 | D:2      | Killed from afar by Natasha

Illustrated notes

Levels and vault maps discovered:
D:1:      zaba_arrival_water, layout_basic
D:2:      layout_loops_ring, serial_shops, shop, uniq_natasha

Action                   || total
-------------------------++-------
Melee: Unarmed           ||     4
       Peck              ||     2
       Kick              ||     1
       Dagger            ||     6
 Cast: Shock             ||    59
Dodge: Dodged            ||    12

Table legend: (Time is in decaauts)
 A = Elapsed time spent in this place.
 B = Non-inter-level travel time spent in this place.
 C = Inter-level travel time spent in this place.
 D = Time resting spent in this place.
 E = Time spent auto-exploring this place.
 F = Levels seen in this place.
 G = Mean time per level.
                   A        B        C        D        E       F      G
               +--------+--------+--------+--------+--------+-----+--------+
         Total |   1272 |   1249 |     23 |      0 |   1052 |   2 |  636.0 |
       Dungeon |   1272 |   1249 |     23 |      0 |   1052 |   2 |  636.0 |
               +--------+--------+--------+--------+--------+-----+--------+

Top non-repeatable levels by time:
     D:1: 867 daAuts
     D:2: 405 daAuts
